 Dungeon Sprint DCSS version 0.19-a0-450-g98b348d (webtiles) character file.

21 Kidiri the Covered (level 2, -5/27 HPs)
             Began as a Hill Orc Fighter on June 1, 2016.
             Was the Champion of Jiyva.
             Killed from afar by a hell hound (15 damage)
             ... with a blast of flame
             ... in the Dungeon (Sprint V: "Ziggurat Sprint").
             The game lasted 00:01:55 (112 turns).

Kidiri the Covered (Hill Orc Fighter)                Turns: 112, Time: 00:01:56

Health: -5/27      AC: 27    Str: 33    XL:     2   Next: 87%
Magic:  2/2        EV:  1    Int:  8    God:    Jiyva [******]
Gold:   0          SH: 29    Dex: 10    Spells: 0 memorised, 1 level left

rFire  . . .     SeeInvis +     M - +14 obsidian axe {chop, +Fly Str+3 SInv *Curse} (curse)
rCold  . . .     Gourm    .     N - +15 Maxwell's patent armour {-Cast -Tele rElec MR+ rCorr}
rNeg   + . .     Faith    .     O - +18 shield of the Gong {rElec rN+ MR+ EV-5}
rPois  .         Spirit   .     (no helmet)
rElec  +         Dismiss  .     (no cloak)
rCorr  +         Reflect  .     (no gloves)
SustAt .         Harm     .     (no boots)
MR     ++...     NoTele   +     (no amulet)
Stlth  .......... NoCast   +    E - +6 ring of strength
                                D - +6 ring of strength

@: mesmerised, very resistant to hostile enchantments, extremely unstealthy
A: acidic bite, tendrils
a: Request Jelly, Jelly Paralyse, Slimify, Cure Bad Mutation, Renounce Religion,
Evoke Flight


You were in the Dungeon.
You worshipped Jiyva.
Jiyva was exalted by your worship.
You were very full.

You visited 1 branch

Inventory:

Hand Weapons
 M - the cursed +14 obsidian axe (weapon) {chop, +Fly Str+3 SInv *Curse}
   (You found it in the Dungeon)

   It inflicts extra damage upon your enemies.
   It affects your strength (+3).
   It lets you see invisible.
   It lets you fly.
   It may re-curse itself when equipped.
   It has a curse placed upon it.
Armour
 N - the +15 Maxwell's patent armour (worn) {-Cast -Tele rElec MR+ rCorr}
   (You found it in the Dungeon)

   It insulates you from electricity.
   It affects your resistance to hostile enchantments.
   It prevents spellcasting.
   It prevents most forms of teleportation.
   It protects you from acid and corrosion.
 O - the +18 shield of the Gong (worn) {rElec rN+ MR+ EV-5}
   (You found it in the Dungeon)

   It affects your evasion (-5).
   It insulates you from electricity.
   It protects you from negative energy.
   It affects your resistance to hostile enchantments.
Jewellery
 D - a +6 ring of strength (left hand)
 E - a +6 ring of strength (right hand)
Wands
 F - a wand of disintegration (7/24)
 G - a wand of iceblast (5/15)
 H - a wand of lightning (5/15)
 I - a wand of acid (5/15)
Scrolls
 k - 4 scrolls of blinking
 q - 4 scrolls of amnesia
 r - 3 scrolls of recharging
 s - 7 scrolls of fog
 t - a scroll of holy word
 u - 5 scrolls of identify
 v - 5 scrolls of remove curse
 w - 2 scrolls of fear
Potions
 d - 6 potions of might
 e - 10 potions of curing
 g - 10 potions of heal wounds
 h - 6 potions of haste
 i - 7 potions of magic
 j - 3 potions of berserk rage
 l - 2 potions of brilliance
 m - 2 potions of invisibility
 n - 4 potions of resistance
 o - a potion of experience
 p - 5 potions of agility
Comestibles
 f - 5 bread rations
 x - 42 fruits
 z - 4 meat rations


   Skills:
 + Level 4.1 Fighting
 * Level 4.4 Axes
 * Level 4.4 Armour
 + Level 1.3 Dodging
 * Level 4.4 Shields


You had one spell level left.
You didn't know any spells.

Dungeon Overview and Level Annotations

Branches:
Dungeon (1/1)

Altars:
Ashenzari
Cheibriados
Dithmenos
Elyvilon
Fedhas
Gozag
Hepliaklqana
Kikubaaqudgha
Makhleb
Nemelex Xobeh
Okawaru
Pakellas
Qazlal
Ru
Sif Muna
Trog
Uskayaw
Vehumet
Xom
Yredelemnul
Zin
The Shining One
Beogh
Jiyva
Lugonu


Innate Abilities, Weirdness & Mutations

You have acidic saliva.
You are covered in slimy tendrils that may disarm your opponents.


Message History

GONNNNG!
You hear a distant slurping noise.
Jiyva appreciates your sacrifice.
You feel a little less hungry.
The hell hound bites you but does no damage.
You block the hell hound's attack.
BOUMMMMG!
The hell hound bites you but does no damage.
You closely miss the hell hound.
You hit the hell hound but do no damage.
You closely miss the hell hound.
Visions of slaying the hell hound flood into your mind.
The hell hound breathes flames at you. The blast of flame hits you!
Ouch! That really hurt!
You shudder from the blast and a flood of jellies pours out from you!
The hell hound bites you but does no damage.
The hell hound breathes flames at you. The blast of flame hits you!
Ouch! That really hurt!
You die...

▓▓▓▓▓▓▓▓▓▓▓▓▓▓▓▓▓▓▓
▓.8©8.▓.8©8.▓.8©8.▓
▓.)").▓.[)=.▓...J.▓
▓..)..▓.J...▓.[.}.▓
*▓.J5..▓.....▓.....▓
▓.hhh.▓.....▓.....▓
*▓..@J.▓.....▓.....▓
▓J....▓.....▓▓▓▓▓▓▓
▓▓▓▓▓▓▓▓▓▓▓▓▓ , * ,
* , ,, , , ,* , , ,,
,,, , ,,,


You could see 3 hell hounds, a white imp and 3 friendly death oozes.

Vanquished Creatures
  2 adders (D)
  3 ball pythons (D)
5 creatures vanquished.

Notes
Turn   | Place    | Note
--------------------------------------------------------------
     0 | D        | Kidiri the Hill Orc Fighter began the quest for the Orb.
     0 | D        | Reached XP level 1. HP: 19/19 MP: 1/1
     0 | D        | Found a blossoming altar of Fedhas.
     0 | D        | Found a snail-covered altar of Cheibriados.
     0 | D        | Found a viscous altar of Jiyva.
     0 | D        | Found a roughly hewn altar of Beogh.
     0 | D        | Found a corrupted altar of Lugonu.
     1 | D        | Found a white marble altar of Elyvilon.
     1 | D        | Found a shimmering altar of Xom.
     3 | D        | Found a deep blue altar of Sif Muna.
     3 | D        | Found a burning altar of Makhleb.
     3 | D        | Found a bloodstained altar of Trog.
     3 | D        | Found an iron altar of Okawaru.
     3 | D        | Found a sparkling altar of Nemelex Xobeh.
     3 | D        | Found a radiant altar of Vehumet.
    78 | D        | Became a worshipper of Jiyva Jyfes the Shapeless
    81 | D        | Reached * piety under Jiyva
    83 | D        | Reached ** piety under Jiyva
    85 | D        | Reached *** piety under Jiyva
    85 | D        | Gained mutation: Your spells are a little harder to cast, but a little more powerful. [Jiyva's grace]
    85 | D        | Reached **** piety under Jiyva
    86 | D        | Entered arena 1.
    88 | D        | Reached XP level 2. HP: 27/27 MP: 2/2
    88 | D        | Reached skill level 1 in Dodging
    93 | D        | Gained mutation: Your skin is partially translucent. (Stealth, -foe acc) [Jiyva's grace]
    93 | D        | Reached ***** piety under Jiyva
    93 | D        | Lost mutation: Your skin is partially translucent. (Stealth, -foe acc) [Jiyva's grace]
    93 | D        | Gained mutation: Your body sometimes deteriorates upon taking damage. [Jiyva's grace]
    94 | D        | Entered arena 2.
    94 | D        | Reached ****** piety under Jiyva
    94 | D        | Gained mutation: Armour fits poorly on your pseudopods. [Jiyva's grace]
    94 | D        | Gained mutation: You passively map a small area around you. [Jiyva's grace]
    94 | D        | Gained mutation: You are covered in slimy tendrils that may disarm your opponents. [Jiyva's grace]
    95 | D        | Gained mutation: You can translocate small distances at will. [Jiyva's grace]
    95 | D        | Gained mutation: You have a pair of small horns on your head. [Jiyva's grace]
    96 | D        | Lost mutation: Your spells are a little harder to cast, but a little more powerful. [Jiyva's grace]
    97 | D        | Lost mutation: Your body sometimes deteriorates upon taking damage. [Jiyva's grace]
    97 | D        | Lost mutation: You have a pair of small horns on your head. [Jiyva's grace]
    97 | D        | Gained mutation: You are robust. (+10% HP) [Jiyva's grace]
    97 | D        | Lost mutation: Armour fits poorly on your pseudopods. [Jiyva's grace]
    99 | D        | Gained mutation: You are weak. (Str -2) [Jiyva's grace]
    99 | D        | Gained mutation: Your skin is partially translucent. (Stealth, -foe acc) [Jiyva's grace]
    99 | D        | Lost mutation: Your skin is partially translucent. (Stealth, -foe acc) [Jiyva's grace]
    99 | D        | Lost mutation: You are robust. (+10% HP) [Jiyva's grace]
    99 | D        | Lost mutation: You passively map a small area around you. [Jiyva's grace]
    99 | D        | Lost mutation: You can translocate small distances at will. [Jiyva's grace]
   100 | D        | Lost mutation: You are weak. (Str -2) [Jiyva's grace]
   100 | D        | Gained mutation: You have acidic saliva. [Jiyva's grace]
   102 | D        | Gained mutation: Your flesh is heat resistant. (rF+) [Jiyva's grace]
   106 | D        | Lost mutation: Your flesh is heat resistant. (rF+) [Jiyva's grace]
   109 | D        | Entered arena 3.
   109 | D        | Noticed a hell hound
   109 | D        | Noticed a hell hound
   109 | D        | Noticed a hell hound
   112 | D        | Killed from afar by a hell hound

Vault maps used:
D:        sprint_v

Skill      XL: |  1  2 |
---------------+-------+-----
Axes           | 3 4 |  4.4
Armour         | 4 |  4.4
Shields        | 4 |  4.4
Fighting       | 4 |  4.1
Dodging        | 1 |  1.3

Action                   || total
-------------------------++-------
Melee: Broad axe         ||     7
Invok: Request Jelly     ||     2
Armor: Plate armour      ||     5
Dodge: Dodged            ||     1
Block: Shield            ||    23
